 Dungeon Crawl Stone Soup version 0.16-a0-253-g996e5b4 (webtiles) character file.

95 PolkaDot the Grave Robber (level 4, -1/30 HPs)
             Began as a Vampire Necromancer on Aug 23, 2014.
             Slain by Afay's ghost (8 damage)
             ... on Level 3 of the Dungeon.
             The game lasted 00:06:27 (2007 turns).

PolkaDot the Grave Robber (Vampire Necromancer)     Turns: 2007, Time: 00:06:28

HP  -1/30        AC  2     Str  7      XL: 4   Next: 39%
MP   0/7         EV 12     Int 18      God:
Gold 96          SH  0     Dex 14      Spells:  2 memorised,  2 levels left

rFire  . . .     SeeInvis +     k - +0 cutlass
rCold  . . .     Clarity  .     a - +0 robe
rNeg   . . .     rCorr    .     (no shield)
rPois  .         rRot     .     (no helmet)
rElec  .         Spirit   .     (no cloak)
SustAb .         Warding  .     (no gloves)
rMut   .         Stasis   .     (no boots)
Gourm  .                        (no amulet)
MR     .....                    (no ring)
                                (no ring)

@: regenerating quickly, not resistant to hostile enchantments, unstealthy
A: fangs 3, see invisible, unbreathing
a: no special abilities


You were on level 3 of the Dungeon.
You were very full.

You visited 1 branch of the dungeon, and saw 3 of its levels.

You collected 96 gold pieces.

Inventory:

Hand weapons
 k - a +0 cutlass (weapon)
Armour
 a - a +0 robe (worn)
Scrolls
 d - 3 scrolls of enchant armour {unknown}
 e - 3 scrolls of identify {unknown}
 f - a scroll of remove curse {unknown}
 h - a scroll of teleportation {unknown}
Potions
 c - a potion of blood {@w2}
 j - a potion of restore abilities {unknown}
Books
 b - a book of Necromancy

   Spells                             Type                      Level
   *Pain                              Necromancy                   1
   Animate Skeleton                   Necromancy                   1
   Vampiric Draining                  Necromancy                   3
   Regeneration                       Charms/Necromancy            3
   *Animate Dead                      Necromancy                   4
   Control Undead                     Necromancy                   4


   Skills:
 - Level 2.1 Dodging
 - Level 3.0 Stealth
 - Level 2.0 Spellcasting
 + Level 6.5 Necromancy


You had 2 spell levels left.
You knew the following spells:

 Your Spells              Type           Power        Failure   Level  Hunger
a - Pain                  Necr           ####         1%          1    #......
A - Animate Dead          Necr           N/A          14%         4    #####..


Dungeon Overview and Level Annotations

Branches:
Dungeon (3/15)

Altars:
Nemelex Xobeh

Annotations:
D:3 Afay's ghost, average OpTm


Innate Abilities, Weirdness & Mutations

Your natural rate of healing is unusually fast.
You have razor-sharp teeth.
You have supernaturally acute eyesight.
You can survive without breathing.


Message History

There is a fountain of sparkling water here.
You see here a club.
Afay's ghost hits you.
* * * LOW HITPOINT WARNING * * *
Your orc zombie misses Afay's ghost.
Your hobgoblin zombie hits Afay's ghost.
You see here 26 sling bullets.
You closely miss Afay's ghost.
Afay's ghost is moderately damaged.
Afay's ghost hits you.
* * * LOW HITPOINT WARNING * * *
Your hobgoblin zombie barely misses Afay's ghost.
Your orc zombie hits Afay's ghost with a club.
You miss Afay's ghost.
Afay's ghost is heavily damaged.
Afay's ghost hits you but does no damage.
Your hobgoblin zombie misses Afay's ghost.
Your orc zombie completely misses Afay's ghost.
Afay's ghost hits you!
You die...

.............#
.......#[#.(.###
..#######.#......
..........#..######
...................
#.##....)..#.#####
#..##...........##.
####.##.⌠.⌠..........#
#.....#@._........###
#.....WZZ.⌠.......#
#...#.!Z...$......#
#.#....<......[...# #
#.##.....###.#.##
#.....#..# .#..
####..#..# .# .......
###.##.##


You could see Afay's ghost, a friendly worm zombie, a friendly hobgoblin zombie
and a friendly orc zombie.

Vanquished Creatures
  4 adders
  A worm (D:3)
  2 giant geckos
  2 orcs (D:3)
  7 bats
  3 giant cockroaches (D:1)
  7 goblins
  5 hobgoblins
  5 jackals (D:1)
  5 kobolds
  2 giant newts (D:1)
  4 rats
47 creatures vanquished.

Notes
Turn   | Place    | Note
--------------------------------------------------------------
     0 | D:1      | PolkaDot, the Vampire Necromancer, began the quest for the Orb.
     0 | D:1      | Reached XP level 1. HP: 13/13 MP: 3/3
   236 | D:1      | Reached XP level 2. HP: 16/19 MP: 2/4
   238 | D:1      | Reached skill level 5 in Necromancy
   674 | D:1      | Reached XP level 3. HP: 13/24 MP: 1/6
  1474 | D:2      | Reached skill level 6 in Necromancy
  1603 | D:2      | Reached XP level 4. HP: 28/30 MP: 4/7
  1642 | D:2      | Learned a level 4 spell: Animate Dead
  1940 | D:3      | Found a sparkling altar of Nemelex Xobeh.
  1955 | D:3      | Noticed Afay's ghost (average OpTm)
  2007 | D:3      | Slain by Afay's ghost

Action                   |  1- 3 |  4- 6 || total
-------------------------+-------+-------++-------
Melee: Unarmed           |    23 |     3 ||    26
       Cutlass           |       |    29 ||    29
 Cast: Pain              |    62 |    14 ||    76
       Animate Dead      |       |     1 ||     1
  Use: Potion            |       |     2 ||     2
 Stab: Distracted        |     1 |       ||     1
       Sleeping          |     1 |       ||     1
  Eat: Corpse            |    20 |     2 ||    22
